 Dungeon Crawl Stone Soup version 0.29.1-2-gbd0b4ee654 (webtiles) character file.

Game seed: 16042294121674441928

123186 Icepheonix32 the Tortoise (level 16, -10/265 HPs)
             Began as a Minotaur Fighter on Oct 27, 2022.
             Was the Champion of Okawaru.
             Mangled by a wolf spider (16 damage)
             ... on level 1 of the Spider Nest.
             The game lasted 00:39:29 (28129 turns).

Icepheonix32 the Tortoise (Minotaur Fighter)       Turns: 28129, Time: 00:39:30

Health: -10/265    AC: 28    Str: 30    XL:     16   Next: 36%
Magic:  0/33       EV:  2    Int: 11    God:    Okawaru [******]
Gold:   178        SH:  4    Dex: 11    Spells: 15/15 levels left

rFire   . . .      SeeInvis .   P - +10 spear of the Inferno {vorpal, Int+3}
rCold   + + +      Faith    .   c - +0 buckler
rNeg    . . .      Spirit   +   (body armour currently unavailable)
rPois   +          Reflect  .   (helmet currently unavailable)
rElec   +          Harm     .   (cloak currently unavailable)
rCorr   +          Rampage  .   (gloves currently unavailable)
Will    ++...      NoTele   +   (boots currently unavailable)
Stlth   ++........              w - amulet "Byafank" {Spirit *Slow rElec rC+++ rCorr}
HPRegen 0.54/turn               r - +4 ring of slaying
MPRegen 0.23/turn               D - ring of Veid {rPois rC+ MP+9 Str+5 Dex-2}

@: lethally poisoned (-10 -> -27), tree-form, studying 2 skills
A: stationary, stasis, torment immunity, boosted hp, (horns 2), (retaliatory
headbutt), strong-willed 1, sense surroundings 1, robust 1, strong 1
a: Renounce Religion, Heroism, Finesse, Duel


You were on level 1 of the Spider Nest.
You worshipped Okawaru.
Okawaru was exalted by your worship.
You were a tree.
You visited 5 branches of the dungeon, and saw 24 of its levels.
You also visited: Bailey and Gauntlet.

You collected 2805 gold pieces.
You spent 2627 gold pieces at shops.

Inventory:

Hand Weapons
 d - a +6 vampiric scythe
 P - the +10 spear of the Inferno (weapon) {vorpal, Int+3}
   (You found it on level 9 of the Dungeon)

   It inflicts extra damage upon your enemies.
   Int:       It affects your intelligence (+3).
 Q - a +2 antimagic trident
 W - the +5 short sword "Newtslayer" {vorpal, *Noise rElec rC+++ Int+3}
   (You found it in a Gauntlet)

   It inflicts extra damage upon your enemies.
   Int:       It affects your intelligence (+3).
   rC:        It renders you almost immune to cold.
   rElec:     It insulates you from electricity.
   *Noise:    It may make noises in combat.
Missiles
 f - 23 boomerangs (quivered)
 j - a throwing net
 l - 8 silver javelins
 u - 6 datura-tipped darts
 G - 2 curare-tipped darts
 H - 11 javelins
 M - 7 atropa-tipped darts
Armour
 c - a +0 buckler (worn)
 g - a +2 plate armour of willpower (melded)
 i - the +3 ring mail of the Falcon {rPois Dex+6}
   (Okawaru gifted it to you on level 12 of the Dungeon)

   Dex:       It affects your dexterity (+6).
   rPois:     It protects you from poison.
 p - the +1 cloak "Ketoufu" (melded) {Slay+2}
   (You acquired it on level 7 of the Dungeon)

   Slay:      It affects your accuracy & damage with ranged weapons and melee
   (+2).
 x - a +2 pair of gloves (melded)
 E - the +0 pair of boots "Pushro Viso" (melded) {Dex+4}
   (Okawaru gifted it to you on level 3 of the Lair of Beasts)

   Dex:       It affects your dexterity (+4).
 N - +1 acid dragon scales
 X - a +2 hat of stealth (melded)
 Y - a +0 tower shield
Jewellery
 r - a +4 ring of slaying (left branch)
 w - the amulet "Byafank" (around neck) {Spirit *Slow rElec rC+++ rCorr}
   (You found it in a Gauntlet)

   [amulet of guardian spirit]

   It causes incoming damage to be divided between your reserves of health and
   magic.
   rC:        It renders you almost immune to cold.
   rElec:     It insulates you from electricity.
   rCorr:     It protects you from acid and corrosion.
   *Slow:     It may slow you when you take damage.
 A - a +4 ring of evasion
 D - the ring of Veid (right branch) {rPois rC+ MP+9 Str+5 Dex-2}
   (You found it on level 5 of the Lair of Beasts)

   [ring of protection from cold]

   Str:       It affects your strength (+5).
   Dex:       It affects your dexterity (-2).
   rC:        It protects you from cold.
   rPois:     It protects you from poison.
   MP:        It affects your magic capacity (+9).
 I - the amulet "Ceditz" {Faith +Inv}
   (You found it in a Gauntlet)

   [amulet of faith]

   It allows you to gain divine favour quickly.
   +Inv:      It lets you turn invisible.
 R - the ring "Tuyvvaru" {rElec Str+7 Dex-5 SInv}
   (You bought it in a shop on level 6 of the Dungeon)

   [ring of see invisible]

   Str:       It affects your strength (+7).
   Dex:       It affects your dexterity (-5).
   rElec:     It insulates you from electricity.
   SInv:      It lets you see invisible.
Wands
 n - a wand of mindburst (54)
 v - a wand of iceblast (31)
 J - a wand of flame (37)
 O - a wand of quicksilver (11)
Scrolls
 a - a scroll of blinking
 m - 2 scrolls of silence
 q - 4 scrolls of fear
 y - a scroll of magic mapping
 z - 9 scrolls of teleportation
 B - 2 scrolls of torment
 L - 2 scrolls of identify
 U - a scroll of poison
Potions
 b - a potion of magic
 h - 6 potions of invisibility
 k - 4 potions of flight
 o - 9 potions of curing
 s - 4 potions of haste
 t - a potion of lignification
 F - a potion of resistance
 K - a potion of cancellation
 S - 2 potions of berserk rage
 T - 5 potions of ambrosia
 V - 4 potions of attraction
 Z - 2 potions of might
Miscellaneous
 e - a tin of tremorstones (2/2)


   Skills:
 + Level 19.6 Fighting
 - Level 3.6(11.2) Axes
 + Level 16.3(16.4) Polearms
 + Level 5.2 Throwing
 + Level 20.0 Armour
 + Level 8.4 Dodging
 + Level 3.8 Stealth
 + Level 4.2 Shields
 * Level 12.7 Invocations
 * Level 2.1 Evocations


You had 15 spell levels left.
You didn't know any spells.
Your spell library contained the following spells:

 Spells                   Type           Power      Damage    Failure   Level
 Beastly Appendage        Tmut           0%         N/A       41%         1
 Foxfire                  Conj/Fire      0%         2x1d4     41%         1
 Scorch                   Fire           0%         2d5       56%         2
 Wereblood                Tmut           0%         N/A       56%         2
 Confusing Touch          Hex            0%         N/A       80%         3
 Conjure Flame            Conj/Fire      0%         6-21      80%         3
 Frozen Ramparts          Ice            0%         1d1       80%         3
 Ignite Poison            Fire/Tmut/Pois 0%         N/A       80%         3
 Inner Flame              Hex/Fire       0%         N/A       80%         3
 Portal Projectile        Hex/Tloc       0%         N/A       80%         3
 Spider Form              Tmut/Pois      0%         N/A       80%         3
 Stone Arrow              Conj/Erth      0%         3d7       80%         3
 Airstrike                Air            0%         2d(0-16)  99%         4
 Flame Wave               Conj/Fire      0%         2d4       99%         4
 Hailstorm                Conj/Ice       0%         3d3       99%         4
 Ice Form                 Ice/Tmut       0%         N/A       99%         4
 Sticky Flame             Conj/Fire      0%         2d3       99%         4
 Blade Hands              Tmut           0%         N/A       100%        5
 Irradiate                Conj/Tmut      0%         3d11      100%        5
 Iskenderun's Battlesphe  Conj           0%         2d6       100%        5
 Lightning Bolt           Conj/Air       0%         1d11      100%        5
 Iron Shot                Conj/Erth      0%         9d1       100%        6
 Dragon Form              Tmut           0%         N/A       100%        7
 Lehudib's Crystal Spear  Conj/Erth      0%         10d2      100%        8
 Tukima's Dance           Hex            Unusable   N/A       N/A         3
 Animate Armour           Summ/Erth      Unusable   N/A       N/A         4
 Summon Ice Beast         Ice/Summ       Unusable   N/A       N/A         4
 Summon Lightning Spire   Summ/Air       Unusable   N/A       N/A         4
 Summon Mana Viper        Hex/Summ       Unusable   N/A       N/A         5
 Simulacrum               Ice/Necr       Unusable   N/A       N/A         6
 Summon Cactus Giant      Summ           Unusable   N/A       N/A         6
 Spellforged Servitor     Conj/Summ      Unusable   N/A       N/A         7

Dungeon Overview and Level Annotations

Branches:
Dungeon (15/15)            Temple (1/1) D:4            Lair (5/5) D:9
 Shoals (0/4) Lair:2       Spider (1/4) Lair:3        Slime (0/5) Lair:5
    Orc (2/2) D:9             Elf (0/3) Orc:2        Vaults (0/5) D:13
 Depths (0/4) D:15         Bailey (visited)         Gauntlet (visited)

Altars:
Ashenzari
Cheibriados
Dithmenos
Elyvilon
Fedhas
Gozag
Hepliaklqana
Kikubaaqudgha
Makhleb
Nemelex Xobeh
Okawaru
Qazlal
Ru
Sif Muna
Trog
Uskayaw
Vehumet
Wu Jian
Xom
Yredelemnul
Zin
The Shining One

Shops:
D:6 =   D:9 ?   D:14 =   Orc:2 :*:!

Portals:
Trove: D:15 (show slimy rune of Zot)

Annotations:
Lair:3 2 transporters, Oluanan's ghost, journeyman DsFi


Innate Abilities, Weirdness & Mutations

You are a tree.
Your roots penetrate the ground, keeping you stationary.
You cannot be teleported.
You are immune to unholy pain and torment.
Your maximum health is greatly increased.
Your equipment is partially melded.
((You have a pair of horns on your head.))
((You reflexively headbutt those who attack you in melee.))
You are strong-willed. (Will+)
You passively map a small area around you.
You are robust. (+10% HP)
Your muscles are strong. (Str +4, Int/Dex -1)


Message History

You impale the torpor snail!!
You kill the torpor snail!
Okawaru accepts your kill.
You feel yourself speed up.
The redback bites you but does no damage.
The wolf spider hits you but does no damage.
The wolf spider bites you but does no damage.
You closely miss the wolf spider.
The wolf spider is lightly wounded.
The redback bites you.
* * * LOW HITPOINT WARNING * * *
The wolf spider hits you!
* * * LOW HITPOINT WARNING * * *
The wolf spider bites you.
* * * LOW HITPOINT WARNING * * *
You are lethally poisoned!
The wolf spider poisons you!
You hit the wolf spider.
The wolf spider is moderately wounded.
* * * LOW HITPOINT WARNING * * *
You feel very sick. You block the redback's attack.
The wolf spider hits you but does no damage.
The wolf spider bites you but does no damage.
You feel much better.
* * * LOW HITPOINT WARNING * * *
You feel extremely sick. The redback bites you!
* * * LOW HITPOINT WARNING * * *
The wolf spider hits you but does no damage.
The wolf spider completely misses you.
You feel much better.
* * * LOW HITPOINT WARNING * * *
You feel very sick.
The redback bites you but does no damage.
The wolf spider hits you!
* * * LOW HITPOINT WARNING * * *
The wolf spider bites you but does no damage.
You block the redback's attack. The wolf spider hits you!
You die...

#.., ...#= * ###..
....# * ##....#
.#..## ,
#...#..##.#...
#......#.#..# * * ,
#....#......##
#..ss.#...# #.# * ,
.#.†♣...#.# ..#*
.......†#....# ,..##
,
###.....#...####.#.#
*
.....#.......##.##.#
,
..#^..#..#..††....##
,
.,#.#...##......#..#
.#.........#...## , ,
..##..##...###...####
* ####.....###†....#


You could see a wolf spider and a redback.

Vanquished Creatures
  Rupert (D:14)
  Louise (D:15)
  Azrael (D:12)
  A minotaur (Gauntlet)
  A deep elf death mage (D:14)
  The ghost of chamandro the Corrupter of Planes, a journeyman DsAK of Lugonu (Orc:2)
  2 ettins
  A great orb of eyes (D:12)
  A jorogumo (Spider:1)
  6 vault guards
  4 ogre magi
  9 hydras
  4 centaur warriors
  3 boulder beetles
  2 catoblepae
  20 two-headed ogres
  4 death yaks (Lair:5)
  3 tengu warriors
  Nergalle (Lair:1)
  Urug (D:11)
  2 deep elf knights (D:14)
  A soul eater (Gauntlet)
  A goliath frog (Lair:5)
  A sun moth (Spider:1)
  2 wizards
  An orb spider (Spider:1)
  3 deep trolls
  3 orc knights
  2 deep elf archers (D:14)
  An orc sorcerer (Orc:1)
  4 deep elf pyromancers
  A necromancer (D:15)
  Pikel (D:8)
  27 ugly things
  5 wolf spiders
  2 manticores
  8 cyclopes
  10 elephants
  3 black mambas
  3 moths of wrath
  An ice statue (Gauntlet)
  4 merfolk sirens (Lair:2)
  2 torpor snails
  16 cane toads
  2 gargoyles
  An unseen horror (shapeshifter) (D:15)
  An unseen horror (D:12)
  Psyche (D:8)
  6 komodo dragons (Lair:5)
  2 rime drakes
  A yaktaur (D:13)
  A tengu conjurer (D:14)
  A polar bear (Lair:5)
  A hornet (D:9)
  3 tyrant leeches (Lair:5)
  A meliai (shapeshifter) (D:15)
  A tarantella (Spider:1)
  18 trolls
  2 raiju (Gauntlet)
  7 dream sheep (Lair:5)
  15 blink frogs
  Sigmund (D:5)
  3 jumping spiders
  A culicivora (Lair:3)
  A shadow (D:12)
  A vampire (D:11)
  4 wraiths
  A human (D:13)
  3 wyverns
  5 basilisks
  58 yaks
  Eustachio (D:4)
  4 fire elementals (D:12)
  A golden eye (shapeshifter) (D:15)
  2 steam dragons (D:9)
  11 redbacks
  24 vampire mosquitoes
  Menkaure (D:5)
  10 wargs
  An acid dragon (D:9)
  14 water moccasins
  4 hell hounds (D:12)
  2 ice beasts (D:7)
  22 orc warriors
  2 sky beasts (D:8)
  5 boggarts (D:15)
  5 wolves (Lair:1)
  10 centaurs
  26 ogres
  A lemure (D:8)
  A phantom (D:4)
  17 bullfrogs
  2 kobold brigands
  2 necrophages
  2 scorpions
  3 wights (D:10)
  3 electric eels
  3 howler monkeys
  A jelly (D:7)
  13 orc priests
  5 hounds
  A gnoll bouda (D:10)
  3 iguanas
  24 orc wizards
  2 lightning spires (Gauntlet)
  6 gnolls
  11 adders
  5 shadow imps
  4 white imps
  2 ufetubi (D:4)
  A dart slug (D:2)
  73 orcs
  9 ball pythons
  5 endoplasms
  4 giant cockroaches
  5 goblins
  7 hobgoblins
  9 jackals
  5 quokkas
  5 bats
  5 frilled lizards
  6 kobolds
  7 rats
710 creatures vanquished.

Vanquished Creatures (others)
  A human (D:3)
  26 fungi
  76 plants
103 creatures vanquished.

Grand Total: 813 creatures vanquished

Notes
Turn   | Place    | Note
-------+----------+-------------------------------------------
     0 | D:1      | Icepheonix32 the Minotaur Fighter began the quest for the
                  | Orb.
     0 | D:1      | Reached XP level 1. HP: 19/19 MP: 0/0
     2 | D:1      | Noticed a merfolk
     4 | D:1      | Noticed a demonspawn
     6 | D:1      | Noticed an elf
     6 | D:1      | Noticed a vine stalker
     8 | D:1      | Noticed a demigod
     8 | D:1      | Noticed a minotaur
    10 | D:1      | Noticed a palentonga
    10 | D:1      | Noticed a naga
    12 | D:1      | Noticed a ghoul
    12 | D:1      | Noticed a formicid
    14 | D:1      | Noticed a gargoyle
    16 | D:1      | Noticed a human
    16 | D:1      | Noticed a tengu
    18 | D:1      | Noticed an ogre
    18 | D:1      | Noticed a draconian
    20 | D:1      | Noticed a meteoran
    20 | D:1      | Noticed a spriggan
    22 | D:1      | Noticed a troll
    22 | D:1      | Noticed a vampire
    24 | D:1      | Noticed a troll
    24 | D:1      | Noticed a felid
    26 | D:1      | Noticed an ogre
    26 | D:1      | Noticed a demonspawn
   124 | D:1      | Reached XP level 2. HP: 25/27 MP: 1/1
   527 | D:1      | Reached XP level 3. HP: 32/34 MP: 2/2
   799 | D:2      | Reached skill level 4 in Armour
   923 | D:2      | Found a faded altar of an unknown god.
   932 | D:2      | Reached XP level 4. HP: 41/41 MP: 3/3
  1526 | D:3      | Found an ancient bone altar of Kikubaaqudgha.
  1526 | D:3      | Noticed a human
  1530 | D:3      | Killed a human
  1617 | D:3      | Reached skill level 5 in Fighting
  1619 | D:3      | Reached skill level 1 in Dodging
  1717 | D:3      | You fall into a shaft and drop 2 floors!
  1717 | D:5      | Entered Level 5 of the Dungeon
  1738 | D:5      | Reached XP level 5. HP: 27/48 MP: 4/4
  1871 | D:5      | Noticed Sigmund
  1890 | D:5      | Killed Sigmund
  1891 | D:5      | Reached skill level 5 in Armour
  1891 | D:5      | Reached XP level 6. HP: 27/57 MP: 5/5
  2198 | D:5      | HP: 2/58 [orc/+0 club (4)]
  2540 | D:5      | Reached skill level 1 in Polearms
  2540 | D:5      | Reached skill level 6 in Armour
  2540 | D:5      | Reached XP level 7. HP: 52/64 MP: 6/6
  2638 | D:5      | Noticed Menkaure
  2646 | D:5      | Killed Menkaure
  2900 | D:5      | Found an opulent altar of Gozag.
  3385 | D:4      | Noticed Eustachio
  3568 | D:4      | Found a staircase to the Ecumenical Temple.
  3581 | Temple   | Entered the Ecumenical Temple
  3801 | Temple   | Became a worshipper of Warmaster Okawaru
  3831 | D:4      | Reached skill level 1 in Invocations
  3991 | D:4      | Killed Eustachio
  3992 | D:4      | Reached skill level 7 in Armour
  3992 | D:4      | Reached XP level 8. HP: 71/73 MP: 8/8
  4057 | D:4      | Found a glowing golden altar of the Shining One.
  4934 | D:6      | Reached skill level 5 in Polearms
  4937 | D:6      | Reached * piety under Okawaru
  5065 | D:6      | Found Muqisegyij's Jewellery Shoppe.
  5815 | D:7      | Reached XP level 9. HP: 46/81 MP: 10/10
  6106 | D:7      | Reached ** piety under Okawaru
  7005 | D:7      | Identified a scroll of acquirement
  7005 | D:7      | Acquired the +1 cloak "Ketoufu" {Slay+2}
  7062 | D:8      | Noticed Pikel
  7074 | D:8      | Killed Pikel
  7195 | D:8      | Noticed Psyche
  7206 | D:8      | Killed Psyche
  7206 | D:8      | Reached *** piety under Okawaru
  7207 | D:8      | Reached skill level 5 in Invocations
  7324 | D:8      | Reached skill level 8 in Armour
  7351 | D:8      | Reached skill level 1 in Stealth
  7725 | D:9      | Noticed a two-headed ogre
  7727 | D:9      | Noticed a troll
  7730 | D:9      | Killed a two-headed ogre
  7730 | D:9      | Reached **** piety under Okawaru
  7731 | D:9      | Reached skill level 10 in Fighting
  7731 | D:9      | Reached XP level 10. HP: 79/93 MP: 11/13
  7732 | D:9      | Noticed a two-headed ogre
  7734 | D:9      | Noticed a two-headed ogre
  8072 | D:9      | Found a staircase to the Lair.
  8094 | D:9      | Found Jiewecsa's Magic Scroll Emporium.
  8102 | D:9      | Bought a scroll of enchant armour for 97 gold pieces
  8102 | D:9      | Bought a scroll of identify for 26 gold pieces
  8102 | D:9      | Bought a scroll of identify for 26 gold pieces
  8137 | D:9      | Killed a two-headed ogre
  8204 | D:9      | Killed a two-headed ogre
  8205 | D:9      | Reached skill level 9 in Armour
  8211 | D:9      | Received a gift from Okawaru
  8271 | D:9      | Paralysed by a hornet for 3 turns
  8636 | D:9      | Found a white marble altar of Elyvilon.
  8825 | D:9      | Gained mutation: You occasionally lose the ability to drink
                  | potions when taking damage. [potion of mutation]
  8825 | D:9      | Gained mutation: You passively map a small area around you.
                  | [potion of mutation]
  8826 | D:9      | Lost mutation: You occasionally lose the ability to drink
                  | potions when taking damage. [potion of mutation]
  8826 | D:9      | Lost mutation: You passively map a small area around you.
                  | [potion of mutation]
  8826 | D:9      | Gained mutation: You are robust. (+10% HP) [potion of
                  | mutation]
  8826 | D:9      | Gained mutation: Your muscles are strong. (Str +4, Int/Dex
                  | -1) [potion of mutation]
  8826 | D:9      | Gained mutation: You are strong-willed. (Will+) [potion of
                  | mutation]
  8826 | D:9      | Gained mutation: You passively map a small area around you.
                  | [potion of mutation]
  8987 | D:9      | Received a gift from Okawaru
  9047 | D:9      | Found a staircase to the Orcish Mines.
  9152 | D:9      | Reached skill level 10 in Armour
  9221 | D:9      | Identified the +10 spear of the Inferno {vorpal, Int+3}
  9394 | D:10     | Entered Level 10 of the Dungeon
  9464 | D:10     | Found a flagged portal.
  9481 | Bailey   | Entered a bailey
  9501 | Bailey   | Reached XP level 11. HP: 84/114 MP: 14/14
 10064 | Bailey   | Acquired 529 gold pieces
 10066 | Bailey   | Noticed an orc knight
 10090 | Bailey   | Killed an orc knight
 10090 | Bailey   | Reached ***** piety under Okawaru
 10357 | D:6      | Bought the ring "Tuyvvaru" {rElec Str+7 Dex-5 SInv} for 365
                  | gold pieces
 10582 | D:10     | Reached skill level 5 in Dodging
 10703 | D:10     | Reached skill level 10 in Polearms
 10970 | D:10     | Noticed a two-headed ogre
 10974 | D:10     | Killed a two-headed ogre
 11208 | D:11     | Noticed a two-headed ogre
 11212 | D:11     | Killed a two-headed ogre
 11388 | D:11     | Noticed Urug
 11401 | D:11     | Killed Urug
 11409 | D:11     | Noticed an eight-headed hydra
 11415 | D:11     | Killed an eight-headed hydra
 11415 | D:11     | Received a gift from Okawaru
 11415 | D:11     | Noticed a two-headed ogre
 11420 | D:11     | Killed a two-headed ogre
 11420 | D:11     | Reached ****** piety under Okawaru
 12051 | D:12     | Noticed a centaur warrior
 12057 | D:12     | Killed a centaur warrior
 12058 | D:12     | Reached XP level 12. HP: 110/127 MP: 16/16
 12122 | D:12     | Noticed Azrael
 12176 | D:12     | Identified the +3 ring mail of the Falcon {rPois Dex+6}
                  | (Okawaru gifted it to you on level 12 of the Dungeon)
 12176 | D:12     | Received a gift from Okawaru
 12184 | D:12     | Killed Azrael
 12278 | D:12     | Noticed a great orb of eyes
 12295 | D:12     | Killed a great orb of eyes
 12296 | D:12     | Reached skill level 11 in Armour
 13053 | D:13     | Noticed a centaur warrior
 13060 | D:13     | Killed a centaur warrior
 13180 | D:13     | Noticed a centaur warrior
 13192 | D:13     | Killed a centaur warrior
 13373 | D:13     | Noticed a seven-headed hydra
 13377 | D:13     | Noticed a six-headed hydra
 13383 | D:13     | Killed a seven-headed hydra
 13384 | D:13     | Reached skill level 15 in Fighting
 13399 | D:13     | Killed a six-headed hydra
 13633 | D:13     | Noticed a five-headed hydra
 13641 | D:13     | Killed a five-headed hydra
 13716 | D:13     | Noticed a vault guard
 13716 | D:13     | Noticed a vault guard
 13762 | D:13     | Noticed a vault guard
 13787 | D:13     | Killed a vault guard
 14102 | D:13     | Reached XP level 13. HP: 94/139 MP: 18/18
 14337 | D:13     | Reached skill level 1 in Throwing
 14946 | D:13     | Found a gate to the Vaults.
 15002 | D:13     | Received a gift from Okawaru
 15592 | D:14     | Reached skill level 12 in Armour
 15749 | D:14     | Noticed a deep elf death mage
 15769 | D:14     | Killed a deep elf death mage
 15779 | D:14     | Reached skill level 5 in Throwing
 16958 | D:14     | Found Karir's Jewellery Shoppe.
 16966 | D:14     | Noticed Rupert
 16974 | D:14     | Killed Rupert
 17335 | D:14     | Reached XP level 14. HP: 136/151 MP: 20/20
 17349 | D:14     | Reached skill level 13 in Armour
 17350 | D:14     | Received a gift from Okawaru
 17364 | D:14     | Reached skill level 10 in Invocations
 17874 | D:15     | Entered Level 15 of the Dungeon
 18323 | D:15     | Found a staircase to the Depths.
 18581 | D:15     | Identified the +3 ring mail of Kleptomania {Drain rPois
                  | Str+5} (Okawaru gifted it to you on level 15 of the
                  | Dungeon)
 18581 | D:15     | Received a gift from Okawaru
 18675 | D:15     | Reached skill level 14 in Armour
 18854 | D:15     | Found a portal to a secret trove of treasure.
 18985 | D:15     | Noticed Louise
 19000 | D:15     | Killed Louise
 19779 | Lair:1   | Entered Level 1 of the Lair of Beasts
 19839 | Lair:1   | Reached skill level 15 in Armour
 20038 | Lair:1   | Noticed Nergalle
 20054 | Lair:1   | Killed Nergalle
 20498 | Lair:1   | Received a gift from Okawaru
 21060 | Lair:2   | Found a staircase to the Shoals.
 21630 | Lair:3   | Found a transporter.
 21637 | Lair:3   | Identified the +0 pair of boots "Pushro Viso" {Dex+4}
                  | (Okawaru gifted it to you on level 3 of the Lair of Beasts)
 21637 | Lair:3   | Received a gift from Okawaru
 21638 | Lair:3   | Reached skill level 15 in Polearms
 21638 | Lair:3   | Reached skill level 16 in Armour
 21703 | Lair:3   | Found a gate leading to a gauntlet.
 21746 | Gauntlet | Entered a Gauntlet
 21746 | Gauntlet | Found a transporter.
 21756 | Gauntlet | Found a transporter.
 21771 | Gauntlet | Found a transporter.
 21776 | Gauntlet | Found a transporter.
 21793 | Gauntlet | Found a transporter.
 21811 | Gauntlet | Found a transporter.
 21823 | Gauntlet | Found a transporter.
 21835 | Gauntlet | Found a transporter.
 21851 | Gauntlet | Found a transporter.
 21864 | Gauntlet | Noticed a cacodemon
 21866 | Gauntlet | Found a transporter.
 21883 | Gauntlet | Found a transporter.
 21900 | Gauntlet | Found a transporter.
 21902 | Gauntlet | Found a transporter.
 21904 | Gauntlet | Found a runed translucent gate.
 21904 | Gauntlet | Found a runed translucent gate.
 21904 | Gauntlet | Found a runed translucent gate.
 21908 | Gauntlet | Found a large runed translucent door.
 21908 | Gauntlet | Found a large runed translucent door.
 21908 | Gauntlet | Found a large runed translucent door.
 21908 | Gauntlet | Found a large runed translucent door.
 21910 | Gauntlet | Found a large runed translucent door.
 21910 | Gauntlet | Found a large runed translucent door.
 21911 | Gauntlet | Found a large runed translucent door.
 21911 | Gauntlet | Found a large runed translucent door.
 21914 | Gauntlet | Found a large runed translucent door.
 21914 | Gauntlet | Found a large runed translucent door.
 21914 | Gauntlet | Found a runed translucent door.
 21914 | Gauntlet | Found a runed translucent door.
 21915 | Gauntlet | Found a large runed translucent door.
 21916 | Gauntlet | Found a large runed translucent door.
 21925 | Gauntlet | Found a large runed translucent door.
 21925 | Gauntlet | Found a large runed translucent door.
 21926 | Gauntlet | Found a large runed translucent door.
 21927 | Gauntlet | Found a large runed translucent door.
 21929 | Gauntlet | Found a transporter.
 21949 | Gauntlet | Found a transporter.
 22057 | Gauntlet | Found a transporter.
 22191 | Gauntlet | Found a transporter.
 22199 | Gauntlet | Found a transporter.
 22249 | Gauntlet | Reached XP level 15. HP: 158/165 MP: 22/22
 22275 | Gauntlet | Identified the +5 short sword "Newtslayer" {vorpal, *Noise
                  | rElec rC+++ Int+3}
 22343 | Gauntlet | Identified the amulet "Ceditz" {Faith +Inv}
 22344 | Gauntlet | Identified the amulet "Byafank" {Spirit *Slow rElec rC+++
                  | rCorr}
 22407 | Gauntlet | Got the Anthology of Hexes
 22627 | Lair:3   | Found a transporter.
 22628 | Lair:3   | Noticed Oluanan's ghost (journeyman DsFi)
 22700 | Lair:3   | Found a hole to the Spider Nest.
 23526 | Lair:4   | Reached skill level 17 in Armour
 23920 | Lair:5   | Entered Level 5 of the Lair of Beasts
 24202 | Lair:5   | Received a gift from Okawaru
 24215 | Lair:5   | Reached skill level 18 in Armour
 24351 | Lair:5   | Identified the ring of Veid {rPois rC+ MP+9 Str+5 Dex-2}
 25446 | Lair:5   | Found a staircase to the Slime Pits.
 25586 | Lair:5   | Received a gift from Okawaru
 25589 | Lair:5   | Reached skill level 19 in Armour
 25929 | Orc:1    | Entered Level 1 of the Orcish Mines
 25929 | Orc:1    | Found Xemoups's Vocational Training.
 26086 | Orc:1    | Bought a manual of Invocations for 1040 gold pieces
 26283 | Orc:2    | Entered Level 2 of the Orcish Mines
 26292 | Orc:2    | Found a staircase to the Elven Halls.
 26541 | Orc:2    | Found a transporter.
 26564 | Orc:2    | Noticed chamandro's ghost (journeyman DsAK)
 26579 | Orc:2    | Found Gatzyhof's Assorted Antiques.
 26581 | Orc:2    | Found Piosyes's Book Emporium.
 26623 | Orc:2    | Reached XP level 16. HP: 123/176 MP: 24/24
 26710 | Orc:2    | Received a gift from Okawaru
 26733 | Orc:2    | Found Fomit's Distillery.
 26741 | Orc:2    | Found Gentio's Book Shoppe.
 26921 | Orc:2    | Bought a fuming black potion for 33 gold pieces
 26961 | Orc:2    | Found a transporter.
 27435 | Orc:2    | Killed chamandro's ghost
 27600 | Orc:1    | Bought a manual of Evocations for 1040 gold pieces
 27742 | Spider:1 | Entered Level 1 of the Spider Nest
 27795 | Spider:1 | Reached skill level 1 in Evocations
 28009 | Spider:1 | Reached skill level 20 in Armour
 28078 | Spider:1 | Received a gift from Okawaru
 28110 | Spider:1 | HP: 8/177 [torpor snail (13)]
 28115 | Spider:1 | HP: 4/177 [torpor snail (11)]
 28126 | Spider:1 | HP: 13/265 [wolf spider (8)]
 28127 | Spider:1 | HP: 1/265 [poisoned by a wolf spider]
 28129 | Spider:1 | Mangled by a wolf spider

Illustrated notes

Levels and vault maps discovered:
D:1:      kb_arrival_jail, layout_basic, minmay_tetromino_o2
D:2:      cheibrodos_helix_gallery, layout_loops_ring,
          ebering_ecumenical_altar_box
D:3:      layout_loops_corners, tgw_kikubaaqudgha
D:4:      layout_rooms, mainiacjoe_overflow_catwalk, minmay_temple_entry_tees,
          dreamdust_gnoll_farm, uniq_eustachio
D:5:      layout_loops_ring, mainiacjoe_overflow_chevrons, nrook_campfire,
          uniq_sigmund, uniq_menkaure
D:6:      layout_basic, serial_shops, shop, st_stairs_4
D:7:      layout_layer_cave
D:8:      layout_gridville, minmay_hedge_maze, uniq_psyche, uniq_pikel
D:9:      layout_long_grid, lemuel_tele_altar, lair_entry_dummy, david_orc_4,
          serial_shops, nicolae_shop_crystal, minmay_alternating_orb
D:10:     layout_roguey, enter_bailey_2, nicolae_figureground_pulse
D:11:     layout_rooms, uniq_urug
D:12:     minmay_distorted_concentric_squares, layout_rooms, serial_rivers,
          chequers_serial_rivers_micro_a, chequers_serial_rivers_room_b,
          chequers_serial_rivers_small_b, chequers_serial_rivers_room_a,
          chequers_serial_rivers_micro_e, grunt_decor_arrowhead, uniq_azrael
D:13:     layout_basic, grunt_vaults_entry_fortified, grunt_ministairs_9
D:14:     layout_loops_corners, serial_shops, nicolae_shop_behind_doors,
          nicolae_cairo_tiling_large, uniq_rupert
D:15:     hangedman_depths_entry_civil_slaughter, layout_basic, enter_trove_5,
          dk_noncrumbling_3, grunt_ministairs_5, uniq_louise
Temple:   regret_index_temple_mists
Lair:1:   layout_long_grid, st_stairs_4, serial_bayou_lake_a, uniq_nergalle
Lair:2:   layout_regular_city, elwin_shoals_entry_stream, grunt_megastairs_3,
          lemuel_fruit_fields
Lair:3:   layout_misc_corridors, nicolae_spider_entry_tight_spaces,
          gauntlet_entry_generic, nzn_ghost_randoct, serial_bayou_shore_b
Lair:4:   layout_big_grid
Lair:5:   minmay_lair_end_frog_pond, layout_cave_shapes, slime_entry_1,
          chequers_serial_rivers_micro_c
Spider:1: layout_spider_delve
Orc:1:    layout_caves, nicolae_shop_vocational
Orc:2:    st_orc_open, layout_diamond_mine, gammafunk_ghost_berserking_beasts

Skill      XL: |  1  2  3  4  5  6  7  8  9 10 11 12 13 14 15 16 |
---------------+-------------------------------------------------+-----
Fighting       | 4 5 6 7 10 12 13 15 16 18 19 | 19.6
Armour         | 4 5 6 7 8 10 11 12 16 19 20 | 20.0
Axes           | 3 |  3.6
Shields        | 4 |  4.2
Dodging        | 1 2 3 4 5 6 7 8 |  8.4
Polearms       | 1 4 7 9 11 13 14 15 16 | 16.3
Invocations    | 2 3 5 6 7 8 9 10 12 | 12.7
Stealth        | 1 2 3 |  3.8
Throwing       | 5 |  5.2
Evocations     | 2 |  2.1

Action                   |  1- 3 |  4- 6 |  7- 9 | 10-12 | 13-15 | 16-18 || total
-------------------------+-------+-------+-------+-------+-------+-------++-------
Melee: War axe           |    70 |    44 |       |       |       |       ||   114
       Headbutt          |    15 |    16 |    34 |    91 |   252 |    42 ||   450
       Halberd           |       |    34 |   278 |   113 |       |       ||   425
       Spear             |       |       |       |   411 |  1279 |   228 ||  1918
       Punch             |       |       |       |     1 |       |       ||     1
Throw: Boomerang         |       |       |     3 |    21 |    40 |       ||    64
Invok: Heroism           |       |       |       |       |     5 |     1 ||     6
  Use: Scroll            |       |     5 |     5 |    10 |    18 |     2 ||    40
       Potion            |       |     4 |       |     5 |     5 |     7 ||    21
 Stab: Sleeping          |       |       |       |       |     1 |       ||     1
       Petrified         |       |       |       |       |     2 |       ||     2
       Petrifying        |       |       |       |       |     1 |       ||     1
Armor: Scale mail        |    46 |    37 |    64 |    32 |       |       ||   179
       Acid dragon scale |       |       |       |    45 |       |       ||    45
       Ring mail         |       |       |       |    48 |    30 |       ||    78
       Plate armour      |       |       |       |       |   374 |   167 ||   541
       Skin              |       |       |       |       |       |    30 ||    30
Dodge: Dodged            |    26 |    43 |   198 |   376 |   326 |   153 ||  1122
Block: Buckler           |    16 |     6 |       |       |   126 |    63 ||   211
